 Dungeon Crawl Stone Soup version 0.26.1-11-gd32895ea62 (webtiles) character file.

Game seed: 16381686395992196610

51 kodamatunes15 the Ruffian (level 3, -4/29 HPs)
             Began as a Ghoul Gladiator on May 21, 2021.
             Slain by an orc
             ... wielding a +0 trident
              (6 damage)
             ... on level 2 of the Dungeon.
             The game lasted 00:06:13 (1359 turns).

kodamatunes15 the Ruffian (Ghoul Gladiator)         Turns: 1359, Time: 00:06:14

Health: -4/29      AC:  7    Str: 17    XL:     3   Next: 83%
Magic:  2/2        EV: 10    Int:  4    God:
Gold:   88         SH:  0    Dex: 10    Spells: 2/2 levels left

rFire    . . .     SeeInvis .   i - +0 dagger
rCold    + . .     Faith    .   (no shield)
rNeg     + + +     Spirit   .   g - +0 scale mail
rPois    ∞         Reflect  .   b - +0 helmet
rElec    .         Harm     .   (no cloak)
rCorr    .         Rampage  .   (no gloves)
Will     .....                  (no boots)
Stlth    ..........             (no amulet)
HPRegen  0.00/turn              (no ring)
MPRegen  0.08/turn              (no ring)

@: no status effects
A: claws 1, cold resistance 1, negative energy resistance 3, inhibited
regeneration, torment resistance, unbreathing
a: no special abilities


You were on level 2 of the Dungeon.
You visited 1 branch of the dungeon, and saw 2 of its levels.

You collected 88 gold pieces.

Inventory:

Hand Weapons
 i - a +0 dagger (weapon)
Missiles
 c - 3 throwing nets (quivered)
Armour
 b - a +0 helmet (worn)
 d - a cursed +0 scale mail
 g - a +0 scale mail (worn)
Jewellery
 e - an uncursed ring of protection from cold {unknown}
Scrolls
 f - a scroll of fog
 j - a scroll of remove curse
Potions
 a - 2 potions of heal wounds {unknown}
 h - a potion of experience {unknown}


   Skills:
 + Level 2.3 Fighting
 + Level 1.8 Throwing
 + Level 0.6 Armour
 + Level 3.2 Dodging
 + Level 4.3 Unarmed Combat


You had 2 spell levels left.
You didn't know any spells.
Your spell library was empty.

Dungeon Overview and Level Annotations

Branches:
Dungeon (2/15)

Altars:
Ashenzari


Innate Abilities, Weirdness & Mutations

You thrive by killing the living.
You are immune to poison.
You have sharp fingernails.
Your flesh is cold resistant. (rC+)
You are immune to negative energy. (rN+++)
You do not regenerate when monsters are visible.
You are immune to unholy pain and torment.
You can survive without breathing.


Message History

The orc barely misses you. The orc hits you but does no damage.
You closely miss the orc.
The orc is heavily wounded.
The orc barely misses you. The orc hits you but does no damage.
You hit the orc.
You kill the orc!
You feel better.
The orc hits you from afar with a +0 trident.
The orc closely misses you.
Things that are here:
a +0 hand axe; an orc corpse
There is an open door here.
A rat comes into view.
The rat closely misses you. The orc hits you but does no damage.
The orc hits you with a +0 trident!
* * * LOW HITPOINT WARNING * * *
You barely miss the orc. The orc hits you with a +0 short sword.
* * * LOW HITPOINT WARNING * * *
The rat completely misses you. The orc hits you with a +0 trident.
You die...

#.........#.# #.#
###........<#.###########.#######
......>.....'...................#
###.........#############.#####.#
########### #....# #.# #..
#####....# #.# ##. #........###.#
#. #...r.....##.# ## ##
#..@o.....##.# ##### .##
#...o.....##'###.... ..#
#....####.#....'.... ..#
###'#..r..#....#.... ..#
#.#.#####....#....
..##############.#.# #....#....
..'............).#.# #....#####
..############)).#.# #....# # ..#
#..........# ###### #


You could see 2 orcs and a rat.

Vanquished Creatures
  An ooze (D:1)
  3 dart slugs
  A worm (D:2)
  3 orcs (D:2)
  2 bats
  4 giant cockroaches
  5 goblins
  5 hobgoblins
  2 frilled lizards (D:1)
  5 kobolds
  4 rats
35 creatures vanquished.

Notes
Turn   | Place    | Note
-------+----------+-------------------------------------------
     0 | D:1      | kodamatunes15 the Ghoul Gladiator began the quest for the
                  | Orb.
     0 | D:1      | Reached XP level 1. HP: 17/17 MP: 0/0
   111 | D:1      | Reached XP level 2. HP: 24/24 MP: 1/1
   635 | D:1      | Reached skill level 4 in Unarmed Combat
   666 | D:1      | Reached XP level 3. HP: 29/29 MP: 2/2
  1066 | D:2      | Found a broken altar of Ashenzari.
  1359 | D:2      | Slain by an orc

Illustrated notes

Levels and vault maps discovered:
D:1:      amcnicky_arrival_gap_in_the_tavern_cellar, layout_basic
D:2:      layout_basic, general_overflow_altar, ebering_dispersal_statue_hall

Skill      XL: |  1  2 |
---------------+-------+-----
Dodging        | 3 |  3.2
Unarmed Combat | 4 |  4.3
Fighting       | |  2.3
Throwing       | |  1.8
Armour         | |  0.6

Action                   || total
-------------------------++-------
Melee: Unarmed           ||    89
       Punch             ||     2
       Dagger            ||    37
  Use: Scroll            ||     6
Armor: Leather armour    ||     8
       Chain mail        ||     3
       Scale mail        ||    36
Dodge: Dodged            ||    83
